AoeStats
← jooseflj

MegaRandom

508454329Analyzed
4v4 RM · 8d ago on Sep 22, 2026· 41m 35s· 8 players
Game mode
Random Map
Map size
Large (8 player)
Population
200
Speed
Normal
Resources
Standard
Victory
Conquest
Starting age
Dark Age
Ending age
Imperial Age
RankedLock teamsTeams togetherTeam positionsShared explorationLock speedFull tech treeHidden civsTurbo modeCheats
Victory
Defeat
🇺🇸 Celts · United States
652
+8
🇪🇸 Ethiopians · Spain
582
+10
🇺🇸 Hindustanis · United States
575
+10
🇹🇷 Japanese · Türkiye
415
+16
🇺🇸 Britons · United States
485
-13
🇨🇱 Britons · Chile
452
-11
🇨🇳 Wei · China
410
-10
🇸🇪 Teutons · Sweden
406
-10
Yurmus
5:58 Loom
11:02 Feudal Age
13:15 Wheelbarrow
12:34 Double-Bit Axe
25:51 Castle Age
29:02 Crossbowman
33:07 Fletching
37:12 Bodkin Arrow
NeoBoomer
6:13 Loom
15:16 Feudal Age
17:27 Town Watch
19:07 Wheelbarrow
28:48 Double-Bit Axe
29:03 Gold Mining
31:36 Castle Age
31:22 Forging
31:13 Scale Mail Armor
31:18 Scale Barding Armor
31:59 Light Cavalry
34:48 Horse Collar
35:24 Bow Saw
37:08 Iron Casting
36:26 Pikeman
jooseflj
5:03 Loom
18:19 Feudal Age
22:31 Wheelbarrow
21:41 Town Watch
22:11 Forging
21:52 Fletching
28:59 Fishing Lines
31:24 Scale Mail Armor
31:25 Padded Archer Armor
39:14 Castle Age
Elite Savage
DuceDubz
0:31 Loom
15:35 Feudal Age
16:53 Horse Collar
17:26 Double-Bit Axe
18:58 Wheelbarrow
21:11 Gold Mining
21:12 Stone Mining
27:09 Castle Age
25:21 Fletching
25:41 Forging
25:32 Scale Mail Armor
25:51 Arson
28:02 Pikeman
29:33 Heavy Plow
29:47 Bow Saw
30:09 Bodkin Arrow
30:50 Iron Casting
30:31 Chain Mail Armor
34:53 Imperial Age
33:03 Ballistics
33:10 Medium Warships
33:11 Caravan
33:43 Coinage
34:11 Stronghold
37:21 Heavy Scorpion
38:44 Onager
Ernes
0:31 Loom
12:20 Feudal Age
13:26 Double-Bit Axe
14:19 Wheelbarrow
13:30 Town Watch
13:31 Horse Collar
15:08 Gold Mining
15:22 Stone Mining
18:44 Fishing Lines
23:30 Castle Age
24:20 Town Patrol
24:34 Bow Saw
25:34 Hand Cart
25:46 Heavy Plow
26:24 Gold Shaft Mining
26:42 Stone Shaft Mining
27:56 Gillnets
29:24 Caravan
33:23 Imperial Age
33:22 Forging
33:12 Scale Mail Armor
34:59 Elite Shotel Warrior
37:24 Two-Man Saw
37:45 Conscription
37:26 Royal Heirs
40:25 Iron Casting
40:06 Chain Mail Armor
43:14 Blast Furnace
42:44 Plate Mail Armor
eng1n34
14:50 Feudal Age
15:27 Fishing Lines
15:31 Horse Collar
15:39 Double-Bit Axe
15:48 Gold Mining
21:08 Stone Mining
24:20 Loom
27:02 Man-at-Arms
27:30 Arson
33:15 Castle Age
32:38 Forging
32:29 Scale Mail Armor
32:34 Scale Barding Armor
32:30 Padded Archer Armor
32:21 Fletching
39:44 Fortified Wall
39:44 Masonry
39:55 Ballistics
43:39 Imperial Age
40:36 Long Swordsman
40:38 Pikeman
41:05 Gambesons
41:23 Squires
42:04 Iron Casting
41:44 Chain Mail Armor
41:50 Chain Barding Armor
41:45 Leather Archer Armor
41:26 Bodkin Arrow
41:36 Caravan
42:07 Coinage
CHIP
0:34 Loom
17:34 Feudal Age
18:02 Horse Collar
18:56 Double-Bit Axe
19:49 Wheelbarrow
20:50 Gold Mining
22:15 Bloodlines
22:46 Forging
22:42 Scale Barding Armor
27:05 Castle Age
27:14 Stone Mining
28:30 Chain Barding Armor
28:46 Iron Casting
28:21 Husbandry
29:50 Hand Cart
30:12 Gold Shaft Mining
29:39 Heavy Plow
30:10 Bow Saw
33:50 Stone Shaft Mining
36:37 Imperial Age
35:19 Ballistics
36:44 Heavy Camel Rider
38:31 Blast Furnace
38:07 Plate Barding Armor
38:43 Imperial Camel Rider
Connection lost

Rejoining the realm…

Still unreachable

The connection could not be restored.

Session expired

The server has moved on; the page needs a fresh start.